 Dungeon Crawl Stone Soup version 0.21-a0-274-gc1afaeb (webtiles) character file.

1480 Lavandula the Ruffian (level 8, -5/73 HPs)
             Began as a Ghoul Warper on Sept 19, 2017.
             Slain by a gnoll
             ... wielding a +0 flail
              (8 damage)
             ... while paralysed by Grinder
             ... on level 5 of the Dungeon.
             The game lasted 00:10:59 (2312 turns).

Lavandula the Ruffian (Ghoul Warper)                Turns: 2312, Time: 00:11:00

Health: -5/73      AC:  8    Str: 16    XL:     8   Next: 79%
Magic:  6/9        EV:  2    Int:  8    God:
Gold:   119        SH:  0    Dex:  9    Spells: 6/10 levels left

rFire    . . .     SeeInvis .     - Unarmed
rCold    + . .     Gourm    .   (no shield)
rNeg     + + +     Faith    .   a - +1 leather armour
rPois    ∞         Spirit   .   (no helmet)
rElec    .         Reflect  .   (no cloak)
rCorr    .         Harm     .   (no gloves)
MR       .....                  (no boots)
Stlth    +.........             r - amulet of inaccuracy
HPRegen  0.00/turn              l - +4 ring of protection
MPRegen  0.11/turn              (no ring)

@: paralysed, rotting
A: rotting body, claws 1, carnivore 3, cold resistance 1, negative energy
resistance 3, inhibited regeneration, torment resistance, unbreathing
a: no special abilities


You were on level 5 of the Dungeon.
You were not hungry.

You visited 1 branch of the dungeon, and saw 6 of its levels.

You collected 119 gold pieces.

Inventory:

Hand Weapons
 n - a +0 blowgun
 t - a +0 flail of crushing
Missiles
 d - 5 tomahawks of dispersal
 o - 5 curare-tipped needles
 u - 8 tomahawks (quivered)
 B - a throwing net
Armour
 a - a +1 leather armour (worn)
Jewellery
 l - a +4 ring of protection (left claw)
 r - an amulet of inaccuracy (around neck)
Wands
 i - a wand of random effects (27/48)
 x - a wand of disintegration (4/24)
Scrolls
 c - a scroll of blinking
 e - 2 scrolls of fear
 j - a scroll of immolation {unknown}
 p - 3 scrolls of identify {unknown}
 q - a scroll of enchant armour
 s - a scroll of teleportation
 y - a scroll of remove curse
Potions
 g - 3 potions of heal wounds {unknown}
 h - a potion of cancellation {unknown}
 m - a potion of invisibility {unknown}
 w - a potion of curing
Books
 b - a book of Spatial Translocations

   Spells                             Type                      Level
   a - Blink                          Translocation                2
   b - Shroud of Golubria             Charms/Translocation         2
   c - Lesser Beckoning               Translocation                3
   d - Gell's Gravitas                Translocation                3
   e - Teleport Other                 Translocation                3
   f - Passage of Golubria            Translocation                4
 v - the Papyrus of the Frostbite and Envenoming
   (You found it on level 4 of the Dungeon)

   Spells                             Type                      Level
   a - Sting                          Conjuration/Poison           1
   b - Throw Frost                    Conjuration/Ice              2
   c - Summon Ice Beast               Ice/Summoning                4
   d - Freezing Cloud                 Conjuration/Ice/Air          6
 z - a book of Conjurations

   Spells                             Type                      Level
   a - Magic Dart                     Conjuration                  1
   b - Searing Ray                    Conjuration                  2
   c - Dazzling Spray                 Conjuration/Hexes            3
   d - Fulminant Prism                Conjuration/Hexes            4
   e - Force Lance                    Conjuration/Translocation    4
   f - Iskenderun's Mystic Blast      Conjuration                  4
Comestibles
 f - 3 meat rations
 k - 5 royal jellies


   Skills:
 - Level 7.1 Fighting
 - Level 0.8 Throwing
 - Level 0.8 Armour
 + Level 5.4 Dodging
 - Level 7.3 Unarmed Combat
 - Level 1.7 Spellcasting
 - Level 2.6 Translocations


You had 6 spell levels left.
You knew the following spells:

 Your Spells              Type           Power        Failure   Level  Hunger
a - Blink                 Tloc           N/A          22%         2    ###....
b - Shroud of Golubria    Chrm/Tloc      #.........   36%         2    ###....


Dungeon Overview and Level Annotations

Branches:
Dungeon (6/15)
 Temple: D:4-7

Altars:
Ashenzari
Makhleb

Annotations:
D:5 Grinder


Innate Abilities, Weirdness & Mutations

Your body is rotting away.
You thrive on raw meat.
You are immune to poison.
You have sharp fingernails.
You are carnivorous and can eat meat at any time.
Your flesh is cold resistant. (rC+)
You are immune to negative energy. (rN+++)
You do not regenerate when monsters are visible.
You are immune to unholy pain and torment.
You can survive without breathing.


Message History

You hear a shout!
The gnoll hits you from afar with a spear.
* * * LOW HITPOINT WARNING * * *
The gnoll hits you from afar with a spear.
* * * LOW HITPOINT WARNING * * *
The gnoll shaman closely misses you.
Found a royal jelly and a spear.
Found a stone staircase leading up.
There is a stone staircase leading down here.
Unknown command.
Casting: Blink
Confirm with . or Enter, or press ? or * to list all spells.
You blink.
Grinder gestures at you.
You suddenly lose the ability to move!
The leopard gecko bites you but does no damage.
The gnoll hits you.
* * * LOW HITPOINT WARNING * * *
The leopard gecko bites you but does no damage.
The gnoll hits you with a flail!
You die...

..# .. ....
#.# #### ..#
# ## ... .#
..#.# ....##
#.#.# ......
#.#.##.....
###..........
#...g@....#
#...ggl...#
#..%.....<#
#....g§...#
#.........#
#.........#
#.........#
#........)#
###########


You could see a gnoll shaman, 3 gnolls and a leopard gecko.

Vanquished Creatures
  Pikel (D:4)
  Sigmund (D:5)
  Edmund (D:4)
  An ogre (D:4)
  Blork the orc (D:5)
  A scorpion (D:5)
  A wight (D:6)
  2 crimson imps (D:5)
  A jelly (D:5)
  A hound (D:3)
  A bullfrog zombie (D:5)
  2 orc priests (D:5)
  A centaur skeleton (D:4)
  Jessica (D:3)
  A howler monkey zombie (D:3)
  3 gnolls (D:5)
  9 adders
  An ooze (D:2)
  4 dart slugs
  6 leopard geckos
  10 orcs
  5 bats
  A giant cockroach (D:3)
  4 goblins
  6 hobgoblins
  12 jackals
  7 kobolds
  3 quokkas
  8 frilled lizards
  A leopard gecko skeleton (D:4)
  12 rats
109 creatures vanquished.

Vanquished Creatures (others)
  An orc wizard (D:4)
  An orc priest (D:4)
  An adder (D:4)
  3 orcs (D:4)
  A leopard gecko skeleton (D:4)
7 creatures vanquished.

Grand Total: 116 creatures vanquished

Notes
Turn   | Place    | Note
-------+----------+-------------------------------------------
     0 | D:1      | Lavandula the Ghoul Warper began the quest for the Orb.
     0 | D:1      | Reached XP level 1. HP: 17/17 MP: 2/2
    96 | D:1      | Reached XP level 2. HP: 8/23 MP: 3/3
   118 | D:1      | Learned a level 2 spell: Blink
   121 | D:1      | Learned a level 2 spell: Shroud of Golubria
   290 | D:1      | Reached XP level 3. HP: 27/29 MP: 1/4
   611 | D:2      | Reached XP level 4. HP: 23/36 MP: 1/5
   621 | D:2      | Reached skill level 5 in Unarmed Combat
   749 | D:3      | Noticed Jessica
   752 | D:3      | Killed Jessica
   752 | D:3      | Reached XP level 5. HP: 41/41 MP: 6/6
  1126 | D:3      | Reached XP level 6. HP: 42/48 MP: 7/7
  1282 | D:4      | Noticed Edmund
  1307 | D:4      | Killed Edmund
  1307 | D:4      | Reached XP level 7. HP: 33/58 MP: 5/8
  1369 | D:4      | Noticed Grinder
  1405 | D:4      | Paralysed by Grinder for 4 turns
  1492 | D:4      | Noticed Pikel
  1525 | D:4      | Killed Pikel
  1525 | D:4      | Reached XP level 8. HP: 11/73 MP: 2/9
  1656 | D:4      | Identified the Papyrus of the Frostbite and Envenoming
  1835 | D:5      | Entered Level 5 of the Dungeon
  1836 | D:5      | Found a shattered altar of Ashenzari.
  1958 | D:5      | Noticed Sigmund
  1961 | D:5      | Killed Sigmund
  1979 | D:5      | Found a burning altar of Makhleb.
  2059 | D:5      | Noticed Blork the orc
  2103 | D:5      | Killed Blork the orc
  2115 | D:5      | Reached skill level 5 in Dodging
  2310 | D:5      | Paralysed by Grinder for 7 turns
  2311 | D:5      | HP: 3/73 [gnoll (6)]
  2312 | D:5      | Slain by a gnoll

Vault maps used:
D:1:      roderic_octagonal_star, roderic_roman_lattice, minmay_tromino_i2
D:2:      serial_bayou, serial_bayou_lagoon_a, serial_bayou_shore_b,
          serial_bayou_shore_a, serial_bayou_pond_b
D:3:      kennysheep_generic_room_16, uniq_jessica
D:4:      first_bread, uniq_grinder, uniq_pikel, uniq_edmund
D:5:      ashenzari_altar_1, demons_altar, uniq_sigmund, uniq_blork_the_orc
D:6:      grunt_temple_overflow_open, minmay_temple_entry_trees,
          nicolae_ossuary_entry_catacombs, portal_sewer_entry_d,
          cheibrodos_worm_habitat

Skill      XL: |  1  2  3  4  5  6  7  8 |
---------------+-------------------------+-----
Unarmed Combat | 3 4 5 6 7 |  7.3
Fighting       | 3 7 |  7.1
Dodging        | 5 |  5.4
Throwing       | |  0.8
Armour         | |  0.8
Spellcasting   | |  1.7
Translocations | |  2.6

Action                   |  1- 3 |  4- 6 |  7- 9 || total
-------------------------+-------+-------+-------++-------
Melee: Unarmed           |   123 |   175 |   215 ||   513
       Punch             |       |     3 |     4 ||     7
 Fire: Blowgun           |       |     1 |       ||     1
Throw: Tomahawk          |       |       |     5 ||     5
 Cast: Shroud of Golubri |     3 |     7 |     5 ||    15
       Blink             |     1 |       |     5 ||     6
Evoke: Wand              |       |       |     6 ||     6
  Use: Scroll            |       |     3 |     1 ||     4
  Eat: Chunk             |     7 |     9 |    25 ||    41
Armor: Leather armour    |    49 |    65 |    48 ||   162
Dodge: Dodged            |    61 |   110 |    91 ||   262

Table legend:
 A = Spawn XP
 B = Non-spawn XP
 C = Spawn XP percentage of total XP
 D = Spawn monster count
 E = Non-spawn monster count
 F = Spawn count percentage of total count
 G = Total turns spent on level
                    A         B        C        D         E        F      G
               +---------+---------+-------+---------+---------+-------+---------
         Total |       0 |    2115 |   0.0 |       0 |     109 |   0.0 |  2312
               +---------+---------+-------+---------+---------+-------+---------
           D:1 |       0 |      48 |   0.0 |       0 |      28 |   0.0 |   460
           D:2 |       0 |      91 |   0.0 |       0 |      16 |   0.0 |   248
           D:3 |       0 |     203 |   0.0 |       0 |      34 |   0.0 |   540
           D:4 |       0 |     999 |   0.0 |       0 |      10 |   0.0 |   587
           D:5 |       0 |     717 |   0.0 |       0 |      20 |   0.0 |   391
           D:6 |       0 |      57 |   0.0 |       0 |       1 |   0.0 |    86
               +---------+---------+-------+---------+---------+-------+---------
